Flyers vs Nordiques
Created - April 16, 2020 at 19:24
Goals
|
| Flyers |
1 |
1 |
1 |
3 |
| Nordiques |
0 |
0 |
0 |
0 |
|
Shots
|
| Flyers |
9 |
8 |
7 |
24 |
| Nordiques |
14 |
11 |
10 |
35 |
|
1st period
1. Flyers , Ryan Callahan 9 (J.T. Miller 32, Jordan Nolan 28) at 16:24
Penalties :
Mike Fisher (Que) for Kneeing (Minor) at 1:55, Jiri Hudler (Que) for High sticking (Minor) at 9:08, Maxim Talbot (Que) for Roughing (Minor) at 12:39, Jordan Nolan (Phi) for Interference (Minor) at 17:30, Tim Connolly (Que) for High sticking (Minor) at 18:49
2nd period
2. Flyers , Matthew Lombardi 10 (Brock Nelson 12, Matt Smaby 22) at 11:34
Penalties :
Maxim Talbot (Que) for Hooking (Minor) at 14:57, Jeff Carter (Phi) for Slashing (Minor) at 18:33
3rd period
3. Flyers , Jeff Carter 28 (Jakub Voracek 37, Jonathan Ericsson 31) at 4:33 (PP)
Penalties :
Tim Connolly (Que) for Holding (Minor) at 3:38, Jeff Carter (Phi) for Tripping (Minor) at 6:11, Jakub Voracek (Phi) for Hooking (Minor) at 9:33, Trevor Daley (Que) for Tripping (Minor) at 12:01, Jiri Hudler (Que) for Hooking (Minor) at 19:06
Goalie Stats
Steve Mason (Phi), 35 saves from 35 shots - (1.000), W, 34-18-6, 60:00 minutes
Julien Ellis (Que), 21 saves from 24 shots - (0.875), L, 9-8-3, 60:00 minutes
Players Stats for Flyers
Player Name G A P +/- PIM S H SB GA TA FO MP PP MP PK MP
------------------------------------------------------------------------------------
Brian Lashoff 0 0 0 0 0 1 1 1 0 0 0/0 9:27 0:00 0:00
Brock Nelson 0 1 1 1 0 0 1 0 0 0 0/0 7:07 0:00 0:00
Chris Mcallister 0 0 0 0 0 0 0 0 0 0 0/0 10:17 0:38 0:09
Drew Miller 0 0 0 0 0 1 1 1 0 0 0/0 19:34 6:31 0:59
J.T. Miller 0 1 1 1 0 2 2 0 1 0 0/1 17:49 6:01 1:34
Jakub Voracek 0 1 1 0 2 0 1 0 4 1 0/1 19:11 6:31 0:08
Jeff Carter 1 0 1 0 4 5 1 0 1 1 11/24 21:20 6:06 2:03
Jeff Woywitka 0 0 0 1 0 0 3 2 0 0 0/0 21:59 5:55 2:23
Jonathan Ericsson 0 1 1 1 0 0 0 1 0 1 0/0 21:59 5:55 2:23
Jordan Nolan 0 1 1 1 2 3 1 0 0 0 4/14 21:02 6:18 3:59
Marcus Kruger 0 0 0 0 0 0 0 0 0 0 2/5 11:05 0:30 1:15
Mats Zuccarello 0 0 0 0 0 1 0 1 0 0 0/0 9:05 0:00 0:00
Matt Smaby 0 1 1 1 0 2 0 0 2 1 0/0 28:34 7:07 4:53
Matthew Lombardi 1 0 1 1 0 4 1 0 2 0 7/10 12:08 0:30 4:25
Nathan Beaulieu 0 0 0 0 0 2 1 0 1 0 0/0 9:27 0:00 0:00
Oliver Ekman-Larsson 0 0 0 1 0 1 1 0 0 1 0/0 28:34 7:07 4:53
Ryan Callahan 1 0 1 1 0 2 3 0 0 1 0/0 16:15 6:01 0:00
Tomas Kubalik 0 0 0 1 0 0 1 0 0 0 1/2 7:07 0:00 0:00
Players Stats for Nordiques
Player Name G A P +/- PIM S H SB GA TA FO MP PP MP PK MP
------------------------------------------------------------------------------------
Adam Pineault 0 0 0 -1 0 0 0 0 0 0 0/0 5:26 0:02 0:00
David Legwand 0 0 0 -1 0 1 3 0 0 1 12/26 20:48 4:53 4:46
Dustin Byfuglien 0 0 0 0 0 1 0 1 0 0 0/0 12:11 0:00 0:53
Evander Kane 0 0 0 -1 0 6 3 0 3 1 1/1 23:26 4:53 7:14
Fedor Tyutin 0 0 0 -1 0 3 0 0 0 3 0/0 20:29 2:26 5:18
Jay Bouwmeester 0 0 0 -1 0 1 1 2 0 3 0/0 28:55 4:50 7:44
Jiri Hudler 0 0 0 0 4 0 1 0 0 0 1/2 14:30 2:21 0:00
Maxim Talbot 0 0 0 0 4 2 1 0 1 0 2/3 10:46 0:02 0:00
Mike Brown 0 0 0 0 0 1 1 0 0 0 0/1 12:55 0:00 2:19
Mike Fisher 0 0 0 -1 2 0 1 0 0 0 1/2 5:02 0:00 0:00
Paul Gaustad 0 0 0 0 0 0 0 0 0 0 0/0 1:16 0:02 0:05
R.J. Umberger 0 0 0 0 0 2 0 0 0 0 0/0 14:21 2:21 0:00
Ryan Ellis 0 0 0 -1 0 3 2 3 0 1 0/0 28:46 4:50 7:44
T.J. Fast 0 0 0 0 0 0 0 0 0 1 0/0 11:06 0:00 0:00
Tim Connolly 0 0 0 0 4 2 1 0 0 1 7/10 17:49 2:20 3:29
Trevor Daley 0 0 0 -1 2 6 1 0 1 0 0/0 19:24 2:26 4:25
Vladimir Tarasenko 0 0 0 -2 0 5 3 1 1 0 8/12 27:00 4:53 7:03
Zac Rinaldo 0 0 0 0 0 2 1 0 0 0 0/0 12:00 0:00 1:08
3 Stars
1 - Steve Mason (Phi)
2 - Ryan Callahan (Phi)
3 - Matthew Lombardi (Phi)
Power Play
Flyers - 1 on 8 Attempt(s) - 12.50%
Nordiques - 0 on 4 Attempt(s) - 0.00%
Penalty Kill
Flyers - 4 on 4 Attempt(s) - 100.00%
- Score 0 goal in Penalty Kill
Nordiques - 7 on 8 Attempt(s) - 87.50%
- Score 0 goal in Penalty Kill
Team Stat
Flyers - Hits : 18 - Faceoff Wins : 25 - Blocked Shots : 6 - Penalty Minutes : 8
Nordiques - Hits : 19 - Faceoff Wins : 32 - Blocked Shots : 7 - Penalty Minutes : 16
Official
Referees : Unknown
Linesman : Unknown
Game Notes
No Game Note
Finance
Level 1 -- Attendance: 4501 (75.02%) -- Ticket Income $562,625
Level 2 -- Attendance: 3944 (78.88%) -- Ticket Income $295,800
Level 3 -- Attendance: 1442 (72.10%) -- Ticket Income $72,100
Level 4 -- Attendance: 2257 (56.43%) -- Ticket Income $90,280
Luxury Box -- Attendance: 789 (78.90%) -- Ticket Income $149,910
Game was played at the Centre Videotron.
Total Attendance: 12933 (71.85%)
Total Ticket Income: $1,170,715
Other Income: $175,607
Total Income: $1,346,322
Flyers
5 vs 5 Forward
Center Left Wing Right Wing Time % Phy DF OF
1 Jeff Carter Drew Miller Jakub Voracek 40 1 2 2
2 Jordan Nolan J.T. Miller Ryan Callahan 30 1 2 2
3 Marcus Kruger Chris Mcallister Mats Zuccarello 20 1 2 2
4 Matthew Lombardi Brock Nelson Tomas Kubalik 10 1 2 2
5 vs 5 Defense
Defense Defense Time % Phy DF OF
1 Oliver Ekman-Larsson Matt Smaby 40 1 2 2
2 Jonathan Ericsson Jeff Woywitka 30 1 2 2
3 Brian Lashoff Nathan Beaulieu 20 1 2 2
4 Oliver Ekman-Larsson Matt Smaby 10 1 2 2
PowerPlay Forward
Center Left Wing Right Wing Time % Phy DF OF
1 Jeff Carter Drew Miller Jakub Voracek 60 1 2 2
2 Jordan Nolan J.T. Miller Ryan Callahan 40 1 2 2
PowerPlay Defense
Defense Defense Time % Phy DF OF
1 Oliver Ekman-Larsson Matt Smaby 60 1 2 2
2 Jonathan Ericsson Jeff Woywitka 40 1 2 2
Penalty Kill 4 Players Forward
Center Wing Time % Phy DF OF
1 Jeff Carter Jordan Nolan 60 1 2 2
2 Jakub Voracek Drew Miller 40 1 2 2
Penalty Kill 4 Players Defense
Defense Defense Time % Phy DF OF
1 Oliver Ekman-Larsson Matt Smaby 60 1 2 2
2 Jonathan Ericsson Jeff Woywitka 40 1 2 2
Penalty Kill - 3 Players Forward
Forward Time % Phy DF OF
1 Jeff Carter 60 1 2 2
2 Jordan Nolan 40 1 2 2
Penalty Kill - 3 Players Defense
Defense Defense Time % Phy DF OF
1 Oliver Ekman-Larsson Matt Smaby 60 1 2 2
2 Jonathan Ericsson Jeff Woywitka 40 1 2 2
4 vs 4 Forward
Center Wing Time % Phy DF OF
1 Jeff Carter Jordan Nolan 60 1 2 2
2 Jakub Voracek Drew Miller 40 1 2 2
4 vs 4 Defense
Defense Defense Time % Phy DF OF
1 Oliver Ekman-Larsson Matt Smaby 60 1 2 2
2 Jonathan Ericsson Jeff Woywitka 40 1 2 2
Last Minutes Offensive
Center Left Wing Right Wing Defense Defense
Jeff Carter Drew Miller Jakub Voracek Oliver Ekman-Larsson Matt Smaby
Last Minutes Defensive
Center Left Wing Right Wing Defense Defense
Jeff Carter Drew Miller Jakub Voracek Oliver Ekman-Larsson Matt Smaby
Goaltenders
Starting : Steve Mason
Backup : Cam Ward
Extra Forwards
Normal : Chris Mcallister, Marcus Kruger, Matthew Lombardi - PP : Chris Mcallister, Marcus Kruger - PK : Matthew Lombardi
Extra Defensemen
Normal : Brian Lashoff, Nathan Beaulieu, Jonathan Ericsson - PP : Brian Lashoff - PK : Nathan Beaulieu, Jonathan Ericsson
Penalty Shots
Jeff Carter, Jordan Nolan, Jakub Voracek, Drew Miller, J.T. Miller
Scratches
None
Nordiques
5 vs 5 Forward
Center Left Wing Right Wing Time % Phy DF OF
1 David Legwand Evander Kane Vladimir Tarasenko 40 1 2 2
2 Tim Connolly R.J. Umberger Jiri Hudler 30 1 2 2
3 Maxim Talbot Zac Rinaldo Mike Brown 20 1 2 2
4 Mike Fisher Vladimir Tarasenko Adam Pineault 10 1 2 2
5 vs 5 Defense
Defense Defense Time % Phy DF OF
1 Ryan Ellis Jay Bouwmeester 40 1 2 2
2 Fedor Tyutin Trevor Daley 30 1 2 2
3 T.J. Fast Dustin Byfuglien 20 1 2 2
4 Ryan Ellis Jay Bouwmeester 10 1 2 2
PowerPlay Forward
Center Left Wing Right Wing Time % Phy DF OF
1 David Legwand Evander Kane Vladimir Tarasenko 60 1 2 2
2 Tim Connolly R.J. Umberger Jiri Hudler 40 1 2 2
PowerPlay Defense
Defense Defense Time % Phy DF OF
1 Ryan Ellis Jay Bouwmeester 60 1 2 2
2 Fedor Tyutin Trevor Daley 40 1 2 2
Penalty Kill 4 Players Forward
Center Wing Time % Phy DF OF
1 Vladimir Tarasenko Evander Kane 60 1 2 2
2 David Legwand Tim Connolly 40 1 2 2
Penalty Kill 4 Players Defense
Defense Defense Time % Phy DF OF
1 Ryan Ellis Jay Bouwmeester 60 1 2 2
2 Fedor Tyutin Trevor Daley 40 1 2 2
Penalty Kill - 3 Players Forward
Forward Time % Phy DF OF
1 Vladimir Tarasenko 60 1 2 2
2 Evander Kane 40 1 2 2
Penalty Kill - 3 Players Defense
Defense Defense Time % Phy DF OF
1 Ryan Ellis Jay Bouwmeester 60 1 2 2
2 Fedor Tyutin Trevor Daley 40 1 2 2
4 vs 4 Forward
Center Wing Time % Phy DF OF
1 Vladimir Tarasenko Evander Kane 60 1 2 2
2 David Legwand Tim Connolly 40 1 2 2
4 vs 4 Defense
Defense Defense Time % Phy DF OF
1 Ryan Ellis Jay Bouwmeester 60 1 2 2
2 Fedor Tyutin Trevor Daley 40 1 2 2
Last Minutes Offensive
Center Left Wing Right Wing Defense Defense
David Legwand Evander Kane Vladimir Tarasenko Ryan Ellis Jay Bouwmeester
Last Minutes Defensive
Center Left Wing Right Wing Defense Defense
David Legwand Evander Kane Vladimir Tarasenko Ryan Ellis Jay Bouwmeester
Goaltenders
Starting : Julien Ellis
Backup : Jonathan Quick
Extra Forwards
Normal : Paul Gaustad, Maxim Talbot, Mike Brown - PP : Paul Gaustad, Maxim Talbot - PK : Mike Brown
Extra Defensemen
Normal : T.J. Fast, Dustin Byfuglien, Fedor Tyutin - PP : T.J. Fast - PK : Dustin Byfuglien, Fedor Tyutin
Penalty Shots
Vladimir Tarasenko, Evander Kane, David Legwand, Tim Connolly, R.J. Umberger
Scratches
Cody McLeod (Healthy), Matt Gilroy (Healthy), James Sheppard (Healthy)
% Time on Ice - Flyers
Lines # - Real PCT - Wanted PCT - Time Play
Normal Forward
1 - 31% - 40% - 12:14
2 - 27% - 30% - 10:36
3 - 23% - 20% - 9:05
4 - 18% - 10% - 7:07
Normal Defense
1 - 40% - 40% - 15:39
2 - 35% - 30% - 13:34
3 - 24% - 20% - 9:27
4 - 1% - 10% - 0:22
PP Forward
1 - 54% - 60% - 7:01
2 - 46% - 40% - 6:01
PP Defense
1 - 55% - 60% - 7:07
2 - 45% - 40% - 5:55
PK Forward
1 - 86% - 60% - 6:17
2 - 14% - 40% - 0:59
PK Defense
1 - 67% - 60% - 4:53
2 - 33% - 40% - 2:23
PK3 Forward
1 - 0% - 60%
2 - 0% - 40%
PK3 Defense
1 - 0% - 60%
2 - 0% - 40%
44 Forward
1 - 100% - 60% - 0:40
2 - 0% - 40% - 0:00
44 Defense
1 - 83% - 60% - 0:33
2 - 18% - 40% - 0:07
Last Minute Offensive - 0:00
Last Minute Defensive - 0:00
Total
Forward - 60:00
Defense - 60:00
|
% Time on Ice - Nordiques
Lines # - Real PCT - Wanted PCT - Time Play
Normal Forward
1 - 31% - 40% - 12:10
2 - 31% - 30% - 12:01
3 - 25% - 20% - 9:48
4 - 13% - 10% - 5:03
Normal Defense
1 - 38% - 40% - 15:00
2 - 32% - 30% - 12:34
3 - 28% - 20% - 11:06
4 - 1% - 10% - 0:22
PP Forward
1 - 68% - 60% - 4:55
2 - 32% - 40% - 2:21
PP Defense
1 - 67% - 60% - 4:50
2 - 33% - 40% - 2:26
PK Forward
1 - 66% - 60% - 8:34
2 - 34% - 40% - 4:28
PK Defense
1 - 59% - 60% - 7:44
2 - 41% - 40% - 5:18
PK3 Forward
1 - 0% - 60%
2 - 0% - 40%
PK3 Defense
1 - 0% - 60%
2 - 0% - 40%
44 Forward
1 - 85% - 60% - 0:34
2 - 15% - 40% - 0:06
44 Defense
1 - 100% - 60% - 0:40
2 - 0% - 40% - 0:00
Last Minute Offensive - 0:00
Last Minute Defensive - 0:00
Total
Forward - 60:00
Defense - 60:00
|
Play-by-Play
1st period
0:01 of 1st period - Jeff Carter wins face-off versus David Legwand in neutral zone.
0:06 of 1st period - Snap shot by Jeff Carter.
0:06 of 1st period - Stopped by Julien Ellis without a rebound.
0:07 of 1st period - David Legwand wins face-off versus Jakub Voracek in Nordiques zone.
0:22 of 1st period - Oliver Ekman-Larsson is hit by Evander Kane and loses puck.
0:51 of 1st period - Slapshot by Vladimir Tarasenko.
0:51 of 1st period - Stopped by Steve Mason without a rebound.
0:52 of 1st period - Tim Connolly wins face-off versus Jordan Nolan in Flyers zone.
0:55 of 1st period - Snap shot by R.J. Umberger.
0:55 of 1st period - Stopped by Steve Mason with a rebound.
1:09 of 1st period - Snap shot by Fedor Tyutin.
1:09 of 1st period - Shot Misses the Net.
1:21 of 1st period - Snap shot by Maxim Talbot.
1:21 of 1st period - Stopped by Steve Mason without a rebound.
1:22 of 1st period - Maxim Talbot wins face-off versus Marcus Kruger in Flyers zone.
1:33 of 1st period - Slapshot by Mike Brown.
1:33 of 1st period - Deflect By Brian Lashoff.
1:33 of 1st period - Shot Misses the Net.
1:33 of 1st period - Puck is out of play.
1:34 of 1st period - Matthew Lombardi wins face-off versus Mike Fisher in Flyers zone.
1:55 of 1st period - Minor Penalty to Mike Fisher for Kneeing.
1:56 of 1st period - Jeff Carter wins face-off versus Vladimir Tarasenko in Nordiques zone.
2:05 of 1st period - Snap shot by Jeff Carter.
2:05 of 1st period - Stopped by Julien Ellis with a rebound.
2:07 of 1st period - Wrist shot by Drew Miller.
2:07 of 1st period - Shot Misses the Net.
2:09 of 1st period - Slapshot by Oliver Ekman-Larsson.
2:09 of 1st period - Shot Blocked by Ryan Ellis.
2:11 of 1st period - Slapshot by Oliver Ekman-Larsson.
2:11 of 1st period - Shot Misses the Net.
2:13 of 1st period - Snap shot by Drew Miller.
2:13 of 1st period - Deflect By Jeff Carter.
2:13 of 1st period - Stopped by Julien Ellis without a rebound.
2:14 of 1st period - Vladimir Tarasenko wins face-off versus Jordan Nolan in Nordiques zone.
2:45 of 1st period - Slapshot by Matt Smaby.
2:45 of 1st period - Shot Blocked by Ryan Ellis.
2:47 of 1st period - Slapshot by Oliver Ekman-Larsson.
2:47 of 1st period - Stopped by Julien Ellis with a rebound.
2:49 of 1st period - Slapshot by Matt Smaby.
2:49 of 1st period - Shot Misses the Net.
2:51 of 1st period - Slapshot by Matt Smaby.
2:51 of 1st period - Shot Misses the Net.
3:35 of 1st period - Trevor Daley is hit by Drew Miller and loses puck.
3:55 of 1st period - Penalty to Mike Fisher is over, Mike Fisher is back on ice.
4:25 of 1st period - Off-side.
4:26 of 1st period - Mike Fisher wins face-off versus Tomas Kubalik in neutral zone.
5:36 of 1st period - Vladimir Tarasenko is hit by J.T. Miller and loses puck.
6:01 of 1st period - Wrist shot by Mats Zuccarello.
6:01 of 1st period - Stopped by Julien Ellis with a rebound.
6:27 of 1st period - Slapshot by Jay Bouwmeester.
6:27 of 1st period - Shot Blocked by Brian Lashoff.
7:42 of 1st period - Slapshot by Trevor Daley.
7:42 of 1st period - Shot Misses the Net.
7:44 of 1st period - Snap shot by Mike Fisher.
7:44 of 1st period - Deflect By Adam Pineault.
7:44 of 1st period - Shot Misses the Net.
7:44 of 1st period - Puck is out of play.
7:45 of 1st period - Tim Connolly wins face-off versus Jordan Nolan in Flyers zone.
8:00 of 1st period - Snap shot by Tim Connolly.
8:00 of 1st period - Shot Misses the Net.
9:08 of 1st period - Minor Penalty to Jiri Hudler for High sticking.
9:09 of 1st period - Vladimir Tarasenko wins face-off versus J.T. Miller in Nordiques zone.
9:36 of 1st period - Drew Miller is hit by David Legwand and loses puck.
11:01 of 1st period - J.T. Miller is hit by Zac Rinaldo and loses puck.
11:08 of 1st period - Penalty to Jiri Hudler is over, Jiri Hudler is back on ice.
11:10 of 1st period - Wrist shot by Zac Rinaldo.
11:10 of 1st period - Shot Misses the Net.
11:12 of 1st period - Slapshot by Trevor Daley.
11:12 of 1st period - Shot Misses the Net.
11:14 of 1st period - Backhand shot by Fedor Tyutin.
11:14 of 1st period - Shot Misses the Net.
11:18 of 1st period - Slapshot by Trevor Daley.
11:18 of 1st period - Stopped by Steve Mason without a rebound.
11:19 of 1st period - Tim Connolly wins face-off versus Marcus Kruger in Flyers zone.
11:26 of 1st period - Wrist shot by R.J. Umberger.
11:26 of 1st period - Stopped by Steve Mason with a rebound.
11:32 of 1st period - Snap shot by Tim Connolly.
11:32 of 1st period - Stopped by Steve Mason with a rebound.
11:34 of 1st period - Snap shot by Tim Connolly.
11:34 of 1st period - Deflect By R.J. Umberger.
11:34 of 1st period - Shot Blocked by Mats Zuccarello.
11:34 of 1st period - Puck is out of play.
11:35 of 1st period - David Legwand wins face-off versus Jeff Carter in Flyers zone.
11:36 of 1st period - Backhand shot by Evander Kane.
11:36 of 1st period - Shot Misses the Net.
11:52 of 1st period - Snap shot by Drew Miller.
11:52 of 1st period - Shot Misses the Net.
12:39 of 1st period - Minor Penalty to Maxim Talbot for Roughing.
12:40 of 1st period - Vladimir Tarasenko wins face-off versus Jeff Carter in Nordiques zone.
13:43 of 1st period - Icing by Ryan Callahan.
13:44 of 1st period - Vladimir Tarasenko wins face-off versus Jordan Nolan in Flyers zone.
14:25 of 1st period - David Legwand is hit by Jakub Voracek.
14:39 of 1st period - Penalty to Maxim Talbot is over, Maxim Talbot is back on ice.
14:48 of 1st period - Mike Brown is hit by Jeff Woywitka and loses puck.
14:57 of 1st period - Nathan Beaulieu is hit by Evander Kane and loses puck.
15:04 of 1st period - Slapshot by Maxim Talbot.
15:04 of 1st period - Stopped by Steve Mason with a rebound.
15:06 of 1st period - Wrist shot by Mike Brown.
15:06 of 1st period - Stopped by Steve Mason with a rebound.
15:08 of 1st period - Snap shot by Mike Brown.
15:08 of 1st period - Shot Misses the Net.
15:12 of 1st period - Snap shot by Evander Kane.
15:12 of 1st period - Stopped by Steve Mason with a rebound.
15:14 of 1st period - Wrist shot by Evander Kane.
15:14 of 1st period - Stopped by Steve Mason without a rebound.
15:15 of 1st period - Tim Connolly wins face-off versus Jordan Nolan in Flyers zone.
15:34 of 1st period - Jordan Nolan is hit by Ryan Ellis and loses puck.
15:38 of 1st period - Icing by Jordan Nolan.
15:39 of 1st period - Jordan Nolan wins face-off versus Maxim Talbot in Flyers zone.
16:04 of 1st period - Snap shot by Jordan Nolan.
16:04 of 1st period - Shot Blocked by Vladimir Tarasenko.
16:22 of 1st period - Snap shot by J.T. Miller.
16:22 of 1st period - Stopped by Julien Ellis with a rebound.
16:24 of 1st period - Snap shot by Ryan Callahan.
16:24 of 1st period - Goal by Ryan Callahan - Flyers : 1 - Nordiques : 0.
16:25 of 1st period - David Legwand wins face-off versus Jeff Carter in neutral zone.
16:58 of 1st period - Wrist shot by Drew Miller.
16:58 of 1st period - Stopped by Julien Ellis with a rebound.
17:20 of 1st period - Zac Rinaldo is hit by Matthew Lombardi and loses puck.
17:27 of 1st period - Slapshot by Fedor Tyutin.
17:27 of 1st period - Stopped by Steve Mason without a rebound.
17:28 of 1st period - Jordan Nolan wins face-off versus David Legwand in Flyers zone.
17:30 of 1st period - Minor Penalty to Jordan Nolan for Interference.
17:31 of 1st period - Jeff Carter wins face-off versus David Legwand in Flyers zone.
17:45 of 1st period - Snap shot by Evander Kane.
17:45 of 1st period - Stopped by Steve Mason with a rebound.
17:59 of 1st period - Slapshot by Ryan Ellis.
17:59 of 1st period - Stopped by Steve Mason without a rebound.
18:00 of 1st period - Jiri Hudler wins face-off versus Jeff Carter in Flyers zone.
18:40 of 1st period - Slapshot by Fedor Tyutin.
18:40 of 1st period - Stopped by Steve Mason without a rebound.
18:41 of 1st period - Marcus Kruger wins face-off versus Jiri Hudler in Flyers zone.
18:41 of 1st period - Marcus Kruger is hit by Jay Bouwmeester.
18:47 of 1st period - Slapshot by Matt Smaby.
18:47 of 1st period - Shot Misses the Net.
18:49 of 1st period - Minor Penalty to Tim Connolly for High sticking.
18:50 of 1st period - Jeff Carter wins face-off versus Vladimir Tarasenko in Nordiques zone.
18:51 of 1st period - Slapshot by Matt Smaby.
18:51 of 1st period - Stopped by Julien Ellis with a rebound.
19:30 of 1st period - Penalty to Jordan Nolan is over, Jordan Nolan is back on ice.
Goals for this period are 1 for Flyers vs 0 for Nordiques.
Shots for this period are 9 for Flyers vs 14 for Nordiques.
2nd period
0:01 of 2nd period - Vladimir Tarasenko wins face-off versus Jeff Carter in neutral zone.
0:04 of 2nd period - Jakub Voracek is hit by Vladimir Tarasenko.
0:44 of 2nd period - Mike Brown is hit by Oliver Ekman-Larsson and loses puck.
0:49 of 2nd period - Penalty to Tim Connolly is over, Tim Connolly is back on ice.
1:03 of 2nd period - Snap shot by Tim Connolly.
1:03 of 2nd period - Stopped by Steve Mason with a rebound.
1:05 of 2nd period - Slapshot by Jay Bouwmeester.
1:05 of 2nd period - Stopped by Steve Mason with a rebound.
1:15 of 2nd period - Trevor Daley is hit by Jeff Woywitka.
1:42 of 2nd period - David Legwand is hit by Brian Lashoff and loses puck.
1:51 of 2nd period - Wrist shot by Brock Nelson.
1:51 of 2nd period - Shot Misses the Net.
2:03 of 2nd period - R.J. Umberger is hit by J.T. Miller and loses puck.
2:12 of 2nd period - Jordan Nolan is hit by Jiri Hudler and loses puck.
2:27 of 2nd period - Slapshot by Zac Rinaldo.
2:27 of 2nd period - Stopped by Steve Mason without a rebound.
2:28 of 2nd period - Maxim Talbot wins face-off versus Jeff Carter in Flyers zone.
2:29 of 2nd period - Wrist shot by Zac Rinaldo.
2:29 of 2nd period - Shot Misses the Net.
2:31 of 2nd period - Slapshot by Mike Brown.
2:31 of 2nd period - Shot Blocked by Drew Miller.
2:33 of 2nd period - Slapshot by Fedor Tyutin.
2:33 of 2nd period - Stopped by Steve Mason with a rebound.
2:35 of 2nd period - Snap shot by Trevor Daley.
2:35 of 2nd period - Deflect By Maxim Talbot.
2:35 of 2nd period - Shot Misses the Net.
2:35 of 2nd period - Puck is out of play.
2:36 of 2nd period - Jeff Carter wins face-off versus David Legwand in Flyers zone.
2:47 of 2nd period - Wrist shot by Jakub Voracek.
2:47 of 2nd period - Shot Misses the Net.
2:49 of 2nd period - Slapshot by Nathan Beaulieu.
2:49 of 2nd period - Stopped by Julien Ellis without a rebound.
2:50 of 2nd period - David Legwand wins face-off versus Jeff Carter in Nordiques zone.
2:57 of 2nd period - Snap shot by Jeff Carter.
2:57 of 2nd period - Deflect By Jakub Voracek.
2:57 of 2nd period - Shot Hit the Post.
2:57 of 2nd period - Puck is out of play.
2:58 of 2nd period - David Legwand wins face-off versus Jeff Carter in Nordiques zone.
3:26 of 2nd period - Wrist shot by Evander Kane.
3:26 of 2nd period - Stopped by Steve Mason without a rebound.
3:27 of 2nd period - Tim Connolly wins face-off versus Jordan Nolan in Flyers zone.
4:30 of 2nd period - Brian Lashoff is hit by David Legwand and loses puck.
5:05 of 2nd period - Matt Smaby is hit by Mike Brown and loses puck.
5:20 of 2nd period - Matthew Lombardi is hit by Vladimir Tarasenko and loses puck.
6:07 of 2nd period - Wrist shot by Matt Smaby.
6:07 of 2nd period - Stopped by Julien Ellis with a rebound.
7:19 of 2nd period - Slapshot by Jonathan Ericsson.
7:19 of 2nd period - Shot Misses the Net.
8:49 of 2nd period - Wrist shot by Vladimir Tarasenko.
8:49 of 2nd period - Shot Blocked by Jeff Woywitka.
8:52 of 2nd period - Icing by Jonathan Ericsson.
8:53 of 2nd period - Jeff Carter wins face-off versus Tim Connolly in Flyers zone.
9:14 of 2nd period - Snap shot by Drew Miller.
9:14 of 2nd period - Shot Hit the Post.
9:16 of 2nd period - Wrist shot by Jeff Carter.
9:16 of 2nd period - Stopped by Julien Ellis without a rebound.
9:17 of 2nd period - David Legwand wins face-off versus Jordan Nolan in Nordiques zone.
11:05 of 2nd period - Mike Brown is hit by Jeff Woywitka and loses puck.
11:10 of 2nd period - Slapshot by Matthew Lombardi.
11:10 of 2nd period - Stopped by Julien Ellis without a rebound.
11:11 of 2nd period - Tomas Kubalik wins face-off versus David Legwand in Nordiques zone.
11:32 of 2nd period - Slapshot by Matthew Lombardi.
11:32 of 2nd period - Shot Blocked by Ryan Ellis.
11:34 of 2nd period - Snap shot by Matthew Lombardi.
11:34 of 2nd period - Goal by Matthew Lombardi - Flyers : 2 - Nordiques : 0.
11:35 of 2nd period - Jeff Carter wins face-off versus David Legwand in neutral zone.
12:02 of 2nd period - Jiri Hudler is hit by Ryan Callahan and loses puck.
12:48 of 2nd period - Jonathan Ericsson is hit by Evander Kane and loses puck.
13:55 of 2nd period - Wrist shot by Jakub Voracek.
13:55 of 2nd period - Shot Misses the Net.
14:30 of 2nd period - Snap shot by Vladimir Tarasenko.
14:30 of 2nd period - Stopped by Steve Mason without a rebound.
14:31 of 2nd period - Matthew Lombardi wins face-off versus David Legwand in Flyers zone.
14:57 of 2nd period - Minor Penalty to Maxim Talbot for Hooking.
14:58 of 2nd period - Vladimir Tarasenko wins face-off versus Jeff Carter in Nordiques zone.
15:38 of 2nd period - Wrist shot by J.T. Miller.
15:38 of 2nd period - Shot Misses the Net.
16:50 of 2nd period - Snap shot by Zac Rinaldo.
16:50 of 2nd period - Stopped by Steve Mason without a rebound.
16:51 of 2nd period - Jordan Nolan wins face-off versus David Legwand in Flyers zone.
16:51 of 2nd period - Jordan Nolan is hit by David Legwand.
16:57 of 2nd period - Penalty to Maxim Talbot is over, Maxim Talbot is back on ice.
17:24 of 2nd period - Matthew Lombardi is hit by Maxim Talbot and loses puck.
17:42 of 2nd period - Off-side.
17:43 of 2nd period - David Legwand wins face-off versus Jordan Nolan in neutral zone.
18:17 of 2nd period - Snap shot by Ryan Callahan.
18:17 of 2nd period - Shot Misses the Net.
18:19 of 2nd period - Snap shot by Jordan Nolan.
18:19 of 2nd period - Stopped by Julien Ellis without a rebound.
18:20 of 2nd period - Tim Connolly wins face-off versus Jeff Carter in Nordiques zone.
18:20 of 2nd period - Ryan Ellis is hit by Jeff Carter and loses puck.
18:33 of 2nd period - Minor Penalty to Jeff Carter for Slashing.
18:34 of 2nd period - Matthew Lombardi wins face-off versus David Legwand in Flyers zone.
18:42 of 2nd period - Snap shot by Jordan Nolan.
18:42 of 2nd period - Shot Misses the Net.
18:44 of 2nd period - Wrist shot by Matthew Lombardi.
18:44 of 2nd period - Stopped by Julien Ellis with a rebound.
18:46 of 2nd period - Snap shot by Jordan Nolan.
18:46 of 2nd period - Stopped by Julien Ellis without a rebound.
18:47 of 2nd period - David Legwand wins face-off versus Matthew Lombardi in Nordiques zone.
18:58 of 2nd period - Slapshot by Ryan Ellis.
18:58 of 2nd period - Stopped by Steve Mason without a rebound.
18:59 of 2nd period - David Legwand wins face-off versus Matthew Lombardi in Flyers zone.
19:00 of 2nd period - Snap shot by Vladimir Tarasenko.
19:00 of 2nd period - Stopped by Steve Mason with a rebound.
19:04 of 2nd period - Wrist shot by Vladimir Tarasenko.
19:04 of 2nd period - Stopped by Steve Mason with a rebound.
19:06 of 2nd period - Slapshot by Ryan Ellis.
19:06 of 2nd period - Stopped by Steve Mason without a rebound.
19:07 of 2nd period - Matthew Lombardi wins face-off versus David Legwand in Flyers zone.
19:20 of 2nd period - Oliver Ekman-Larsson is hit by Vladimir Tarasenko and loses puck.
Goals for this period are 1 for Flyers vs 0 for Nordiques.
Shots for this period are 8 for Flyers vs 11 for Nordiques.
3rd period
0:01 of 3rd period - Matthew Lombardi wins face-off versus David Legwand in neutral zone.
0:14 of 3rd period - Snap shot by Evander Kane.
0:14 of 3rd period - Stopped by Steve Mason without a rebound.
0:15 of 3rd period - Matthew Lombardi wins face-off versus David Legwand in Flyers zone.
0:33 of 3rd period - Penalty to Jeff Carter is over, Jeff Carter is back on ice.
1:42 of 3rd period - Snap shot by Ryan Ellis.
1:42 of 3rd period - Shot Misses the Net.
1:50 of 3rd period - Wrist shot by Brock Nelson.
1:50 of 3rd period - Shot Misses the Net.
1:52 of 3rd period - Slapshot by Brian Lashoff.
1:52 of 3rd period - Stopped by Julien Ellis without a rebound.
1:53 of 3rd period - Vladimir Tarasenko wins face-off versus Jeff Carter in Nordiques zone.
2:04 of 3rd period - Snap shot by Evander Kane.
2:04 of 3rd period - Stopped by Steve Mason with a rebound.
2:42 of 3rd period - Snap shot by Tim Connolly.
2:42 of 3rd period - Shot Blocked by Jonathan Ericsson.
2:44 of 3rd period - Slapshot by Trevor Daley.
2:44 of 3rd period - Deflect By Jonathan Ericsson.
2:44 of 3rd period - Stopped by Steve Mason without a rebound.
2:45 of 3rd period - Marcus Kruger wins face-off versus Mike Brown in Flyers zone.
3:33 of 3rd period - Wrist shot by Matthew Lombardi.
3:33 of 3rd period - Stopped by Julien Ellis without a rebound.
3:34 of 3rd period - Matthew Lombardi wins face-off versus Tim Connolly in Nordiques zone.
3:38 of 3rd period - Minor Penalty to Tim Connolly for Holding.
3:39 of 3rd period - Jeff Carter wins face-off versus Vladimir Tarasenko in Nordiques zone.
4:11 of 3rd period - Backhand shot by Jordan Nolan.
4:11 of 3rd period - Shot Blocked by Jay Bouwmeester.
4:13 of 3rd period - Slapshot by Matt Smaby.
4:13 of 3rd period - Shot Blocked by Jay Bouwmeester.
4:15 of 3rd period - Snap shot by Jordan Nolan.
4:15 of 3rd period - Stopped by Julien Ellis without a rebound.
4:16 of 3rd period - David Legwand wins face-off versus Jeff Carter in Nordiques zone.
4:29 of 3rd period - Slapshot by Jonathan Ericsson.
4:29 of 3rd period - Shot Misses the Net.
4:31 of 3rd period - Snap shot by Jakub Voracek.
4:31 of 3rd period - Shot Misses the Net.
4:33 of 3rd period - Snap shot by Jeff Carter.
4:33 of 3rd period - Goal by Jeff Carter - Flyers : 3 - Nordiques : 0.
4:34 of 3rd period - Jeff Carter wins face-off versus David Legwand in neutral zone.
5:00 of 3rd period - Jay Bouwmeester is hit by Ryan Callahan.
5:06 of 3rd period - Slapshot by Ryan Ellis.
5:06 of 3rd period - Shot Misses the Net.
6:11 of 3rd period - Minor Penalty to Jeff Carter for Tripping.
6:12 of 3rd period - David Legwand wins face-off versus Matthew Lombardi in Flyers zone.
6:43 of 3rd period - Jeff Woywitka is hit by Ryan Ellis and loses puck.
8:11 of 3rd period - Penalty to Jeff Carter is over, Jeff Carter is back on ice.
8:51 of 3rd period - T.J. Fast is hit by Nathan Beaulieu and loses puck.
9:03 of 3rd period - Off-side.
9:04 of 3rd period - Jordan Nolan wins face-off versus Tim Connolly in neutral zone.
9:33 of 3rd period - Minor Penalty to Jakub Voracek for Hooking.
9:34 of 3rd period - David Legwand wins face-off versus Jeff Carter in Flyers zone.
9:44 of 3rd period - Snap shot by Vladimir Tarasenko.
9:44 of 3rd period - Stopped by Steve Mason with a rebound.
10:58 of 3rd period - Icing by Ryan Ellis.
10:59 of 3rd period - Jeff Carter wins face-off versus David Legwand in Nordiques zone.
11:33 of 3rd period - Penalty to Jakub Voracek is over, Jakub Voracek is back on ice.
11:55 of 3rd period - Vladimir Tarasenko is hit by Jordan Nolan and loses puck.
12:01 of 3rd period - Minor Penalty to Trevor Daley for Tripping.
12:02 of 3rd period - Vladimir Tarasenko wins face-off versus Jordan Nolan in Nordiques zone.
14:01 of 3rd period - Penalty to Trevor Daley is over, Trevor Daley is back on ice.
14:32 of 3rd period - Snap shot by Trevor Daley.
14:32 of 3rd period - Stopped by Steve Mason with a rebound.
14:34 of 3rd period - Slapshot by Zac Rinaldo.
14:34 of 3rd period - Shot Blocked by Jeff Woywitka.
14:36 of 3rd period - Snap shot by Trevor Daley.
14:36 of 3rd period - Stopped by Steve Mason with a rebound.
14:38 of 3rd period - Snap shot by Trevor Daley.
14:38 of 3rd period - Stopped by Steve Mason with a rebound.
14:44 of 3rd period - Snap shot by Zac Rinaldo.
14:44 of 3rd period - Deflect By Trevor Daley.
14:44 of 3rd period - Stopped by Steve Mason with a rebound.
14:46 of 3rd period - Wrist shot by Dustin Byfuglien.
14:46 of 3rd period - Deflect By Jonathan Ericsson.
14:46 of 3rd period - Stopped by Steve Mason with a rebound.
14:48 of 3rd period - Wrist shot by Zac Rinaldo.
14:48 of 3rd period - Shot Misses the Net.
14:50 of 3rd period - Snap shot by David Legwand.
14:50 of 3rd period - Stopped by Steve Mason with a rebound.
14:52 of 3rd period - Wrist shot by Trevor Daley.
14:52 of 3rd period - Deflect By Jakub Voracek.
14:52 of 3rd period - Shot Misses the Net.
14:52 of 3rd period - Puck is out of play.
14:53 of 3rd period - Tim Connolly wins face-off versus Marcus Kruger in Flyers zone.
15:25 of 3rd period - Matt Smaby is hit by Mike Fisher and loses puck.
15:48 of 3rd period - Jay Bouwmeester is hit by Brock Nelson and loses puck.
16:27 of 3rd period - Marcus Kruger is hit by Trevor Daley and loses puck.
16:48 of 3rd period - Snap shot by Brock Nelson.
16:48 of 3rd period - Shot Blocked by Dustin Byfuglien.
16:50 of 3rd period - Snap shot by Nathan Beaulieu.
16:50 of 3rd period - Stopped by Julien Ellis with a rebound.
18:22 of 3rd period - Mike Brown is hit by Ryan Callahan and loses puck.
18:35 of 3rd period - Nathan Beaulieu is hit by Tim Connolly and loses puck.
18:53 of 3rd period - Tim Connolly is hit by Tomas Kubalik and loses puck.
19:06 of 3rd period - Minor Penalty to Jiri Hudler for Hooking.
19:07 of 3rd period - Jeff Carter wins face-off versus Vladimir Tarasenko in Nordiques zone.
19:33 of 3rd period - Wrist shot by J.T. Miller.
19:33 of 3rd period - Stopped by Julien Ellis without a rebound.
19:34 of 3rd period - Evander Kane wins face-off versus Jordan Nolan in Nordiques zone.
19:57 of 3rd period - Slapshot by Ryan Callahan.
19:57 of 3rd period - Stopped by Julien Ellis with a rebound.
19:59 of 3rd period - Slapshot by Jeff Woywitka.
19:59 of 3rd period - Shot Misses the Net.
Goals for this period are 1 for Flyers vs 0 for Nordiques.
Shots for this period are 7 for Flyers vs 10 for Nordiques.
Back to the Top